 Dungeon Crawl Stone Soup version 0.30.0-30-g96aa6591b8 (webtiles) character file.

Game seed: 965931241615619030

35 booth the Trooper (level 3, -11/29 HPs)
             Began as a Demonspawn Monk on June 28, 2023.
             Killed from afar by Jessica (15 damage)
             ... with a bolt of dispelling energy
             ... on level 2 of the Dungeon.
             The game lasted 00:07:42 (880 turns).

booth the Trooper (Demonspawn Monk)                  Turns: 880, Time: 00:07:43

Health: -11/29     AC:  7    Str: 13    XL:     3   Next: 17%
Magic:  4/4        EV: 13    Int: 11    God:
Gold:   69         SH:  0    Dex: 15    Spells: 3/3 levels left

rFire   . . .        a - +0 hand axe
rCold   . . .        d - orb {light}
rNeg    . . .        b - +0 robe
rPois   .            (no helmet)
rElec   .            h - +0 cloak
rCorr   .            (no gloves)
SInv    .            (no boots)
Will    .....        (no amulet)
Stlth   +            j - +4 ring of protection
HPRegen 0.24/turn    (no ring)
MPRegen 0.18/turn

%: no passive effects
@: slowed, glowing, very slow
A: claws 1, magic regeneration
a: no special abilities


You were on level 2 of the Dungeon.
You visited 1 branch of the dungeon, and saw 2 of its levels.

You collected 69 gold pieces.

Inventory:

Hand Weapons
 a - a +0 hand axe (weapon)
Armour
 b - a +0 robe (worn)
 d - an orb of light (worn)
 h - a +0 cloak (worn)
Jewellery
 j - a +4 ring of protection (left claw)
Scrolls
 f - a scroll of identify
Potions
 c - 2 potions of ambrosia
 e - a potion of curing {unknown}


   Skills:
 + Level 3.4 Fighting
 + Level 3.1 Axes
 + Level 3.1 Dodging
 + Level 0.7 Spellcasting


You had 3 spell levels left.
You didn't know any spells.
Your spell library contained the following spells:

 Spells                   Type           Power      Damage    Failure   Level
 Passage of Golubria      Tloc           0%         N/A       97%         4
 Silence                  Hex/Air        0%         N/A       100%        5
 Lehudib's Crystal Spear  Conj/Erth      0%         10d2      100%        8


Dungeon Overview and Level Annotations

Branches:
Dungeon (2/15)

Altars:

Shops:
D:1 [

Annotations:
D:2 Jessica


Innate Abilities, Weirdness & Mutations

You have sharp fingernails.
You regenerate magic rapidly.


Message History

Jessica seems to speed up.
Okay, then.
Sorry, you're not good enough to have a special ability.
Jessica casts a spell.
Jessica blinks!
Jessica zaps a wand.
The bolt of dispelling energy misses you.
Jessica casts a spell at you. Pain shoots through your body!
You hear a shout!
Jessica casts a spell at you. Pain shoots through your body!
A kobold comes into view. It is wielding a +0 club.
Jessica misses you. Jessica gestures at you while chanting.
You feel yourself slow down.
You hit Jessica.
Jessica is moderately wounded.
Jessica closely misses you.
The kobold throws a stone.
The stone completely misses you.
Jessica zaps a wand.
The bolt of dispelling energy misses you.
Okay, then.
You completely miss Jessica.
Jessica is moderately wounded.
Jessica barely misses you.
Jessica mumbles some strange words.
Jessica blinks!
The kobold throws a stone.
The stone barely misses you.
Jessica gestures wildly while chanting.
Jessica blinks!
Jessica gestures wildly while chanting.
Jessica blinks!
Jessica casts a spell at you. Pain shoots through your body!
* * * LOW HITPOINT WARNING * * *
Jessica zaps a wand.
The bolt of dispelling energy misses you.
Jessica zaps a wand.
The bolt of dispelling energy hits you!
Your magical effects are unravelling.
Ouch! That really hurt!
You die...

....###...# #.....###
###..##.# ##.......#
#...######
#†.############ .
#..# #.....$...
....###.K###.........
.............@.......
.........###.@.......
.........# #.........
.........# ###.######
.......... .#
........... ..
...#.#..... ..#
##.......... ..#


You could see Jessica (fast) and a kobold.

Vanquished Creatures
  A worm (D:2)
  3 dart slugs (D:1)
  2 bats (D:1)
  An endoplasm (D:1)
  2 giant cockroaches (D:1)
  3 hobgoblins (D:1)
  2 jackals (D:1)
  3 ball pythons
  3 frilled lizards
  3 kobolds
  3 rats (D:1)
26 creatures vanquished.

Notes
Turn   | Place    | Note
-------+----------+-------------------------------------------
     0 | D:1      | booth the Demonspawn Monk began the quest for the Orb.
     0 | D:1      | Reached XP level 1. HP: 18/18 MP: 1/1
   264 | D:1      | Gained mutation: You regenerate magic rapidly. [demonic
                  | ancestry]
   264 | D:1      | Reached XP level 2. HP: 24/24 MP: 2/2
   477 | D:1      | Found Kafaki's Armour Shoppe.
   680 | D:1      | Gained mutation: You have sharp fingernails. [demonic
                  | ancestry]
   680 | D:1      | Reached XP level 3. HP: 29/29 MP: 3/3
   866 | D:2      | Noticed Jessica
   880 | D:2      | Killed from afar by Jessica

Illustrated notes

Levels and vault maps discovered:
D:1:      lemuel_arrival_behind_the_door_large, layout_basic, serial_shops, shop
D:2:      minmay_alternating_diamond, layout_rooms, basic_altar, uniq_jessica

Skill      XL: |  1  2 |
---------------+-------+-----
Axes           | 3 |  3.1
Dodging        | 3 |  3.1
Fighting       | |  3.4
Spellcasting   | |  0.7

Action                     || total
---------------------------++-------
  Melee: Hand axe          ||    79
    Use: Scroll            ||     3
 Armour: Robe              ||    18
  Dodge: Dodged            ||    56
